 Dungeon Crawl Stone Soup version 0.27-a0-1612-gde56a17b89 (webtiles) character file.

Game seed: 1507071132526828288

35 Goblin1989 the Sneak (level 3, -2/29 HPs)
             Began as a Demonspawn Delver on July 22, 2021.
             Frozen to death by an endoplasm (4 damage)
             ... on level 5 of the Dungeon.
             The game lasted 00:02:13 (351 turns).

Goblin1989 the Sneak (Demonspawn Delver)             Turns: 351, Time: 00:02:13

Health: -2/29      AC:  6    Str: 13    XL:     3   Next: 17%
Magic:  3/3        EV: 11    Int: 11    God:
Gold:   23         SH:  0    Dex: 14    Spells: 2/2 levels left

rFire    . . .     SeeInvis .   a - +0 short sword
rCold    . . .     Faith    .   (no shield)
rNeg     . . .     Spirit   .   b - +0 leather armour
rPois    .         Reflect  .   (no helmet)
rElec    .         Harm     .   (no cloak)
rCorr    .         Rampage  .   N - +2 pair of gloves
Will     .....                  (no boots)
Stlth    +++.......             (no amulet)
HPRegen  0.09/turn              (no ring)
MPRegen  0.08/turn              (no ring)

@: no status effects
A: claws 1, demonic magic 1
a: no special abilities


You were on level 5 of the Dungeon.
You visited 1 branch of the dungeon, and saw 2 of its levels.

You collected 23 gold pieces.

Inventory:

Hand Weapons
 a - a +0 short sword (weapon)
Missiles
 O - 23 stones (quivered) {@Q3}
Armour
 b - a +0 leather armour (worn)
 N - a +2 pair of gloves (worn)
Wands
 g - a wand of digging (3) {@v1}
Scrolls
 c - a scroll of fog
 e - a scroll of fear
 M - a scroll of magic mapping
Potions
 f - a potion of haste {@q3,}


   Skills:
 - Level 3.0 Fighting
 - Level 2.8 Short Blades
 - Level 1.7 Dodging
 - Level 4.8 Stealth
 + Level 0.5 Unarmed Combat


You had 2 spell levels left.
You didn't know any spells.
Your spell library was empty.

Dungeon Overview and Level Annotations

Branches:
Dungeon (5/15)
 Temple: D:4-7

Altars:

Shops:
D:5 (


Innate Abilities, Weirdness & Mutations

You have sharp fingernails.
Spells you cast may paralyse adjacent enemies.


Message History

Health restored: 29
Found a stone staircase leading up.
There is a stone staircase leading up here.
You climb upwards.
Found an ivory ring and 12 bolts.
There is a stone staircase leading down here.
The helpless orc fails to defend itself.
You puncture the orc!
You kill the orc!
Unknown command.
A scorpion comes into view.
The helpless orc fails to defend itself.
You impale the orc!!
You kill the orc!
The endoplasm quivers.
There is a stone staircase leading down here.
The endoplasm closely misses you. The orc hits you with a +0 dagger.
You climb downwards.
There is a stone staircase leading up here.
You take 1 damage, and have 28/29 hp.
You barely miss the orc. The endoplasm freezes you.
You are frozen.
The orc completely misses you.
You take 5 damage, and have 23/29 hp.
You hit the orc but do no damage. The endoplasm barely misses you.
You hit the orc but do no damage. The orc closely misses you.
You closely miss the orc. The endoplasm freezes you.
You are frozen.
The orc barely misses you.
You take 3 damage, and have 20/29 hp.
You barely miss the orc. The endoplasm barely misses you.
The orc hits you but does no damage.
You hit the orc but do no damage. The endoplasm freezes you.
You are frozen.
The orc hits you with a +0 dagger.
You take 6 damage, and have 14/29 hp.
MASSIVE DAMAGE!!
You hit the orc but do no damage.
The endoplasm hits you but does no damage.
The orc barely misses you.
You completely miss the orc. The endoplasm misses you. The orc misses you.
You hit the orc.
The orc is heavily wounded.
The endoplasm closely misses you. The orc misses you.
You hit the orc.
The orc is heavily wounded.
The endoplasm hits you but does no damage.
The orc misses you.
You hit the orc.
The orc is almost dead.
The endoplasm closely misses you. The orc hits you but does no damage.
You hit the orc but do no damage.
The orc is almost dead.
The endoplasm hits you but does no damage.
The orc hits you with a +0 dagger.
* * * LOW HITPOINT WARNING * * *
You take 1 damage, and have 13/29 hp.
You closely miss the orc.
The orc is almost dead.
The endoplasm freezes you.
You are frozen.
* * * LOW HITPOINT WARNING * * *
The orc hits you but does no damage.
You take 5 damage, and have 8/29 hp.
You hit the orc but do no damage.
The orc is almost dead.
The endoplasm freezes you.
You are frozen.
* * * LOW HITPOINT WARNING * * *
The orc hits you but does no damage.
You take 3 damage, and have 5/29 hp.
You barely miss the orc.
The orc is almost dead.
The endoplasm freezes you.
You are frozen.
* * * LOW HITPOINT WARNING * * *
The orc closely misses you.
You take 1 damage, and have 4/29 hp.
You hit the orc but do no damage.
The orc is almost dead.
The endoplasm closely misses you. The orc hits you but does no damage.
You hit the orc but do no damage.
The orc is almost dead.
The endoplasm freezes you.
You are frozen.
* * * LOW HITPOINT WARNING * * *
The orc barely misses you.
You take 3 damage, and have 2/29 hp.
You hit the orc.
You kill the orc!
The endoplasm completely misses you.
Things that are here:
a +0 dagger; a +0 leather armour; an orc corpse You hit the endoplasm.
The endoplasm is almost dead.
The endoplasm misses you.
You hit the endoplasm but do no damage.
The endoplasm is almost dead.
The endoplasm freezes you.
You are frozen.
You die...

██.███████
█..............█
█.█████████.██≈≈≈≈≈≈≈≈≈███
█........██÷████████████
████████.██.█ █.██.█
█.██.████.█ █.........█ █
████.██████████.█
█....@J..)<..█


██████████████ You could see an endoplasm.

Vanquished Creatures
  A hound (D:5)
  3 orcs
4 creatures vanquished.

Notes
Turn   | Place    | Note
-------+----------+-------------------------------------------
     0 | D:5      | Goblin1989 the Demonspawn Delver began the quest for the
                  | Orb.
     0 | D:5      | Reached XP level 1. HP: 18/18 MP: 1/1
    44 | D:5      | Noticed a hound
    48 | D:5      | Found Piuskepe's Antique Weapon Boutique.
    48 | D:5      | Noticed a hound
    99 | D:5      | Killed a hound
   100 | D:5      | Gained mutation: You have sharp fingernails. [demonic
                  | ancestry]
   100 | D:5      | Reached XP level 2. HP: 9/24 MP: 2/2
   100 | D:5      | Gained mutation: Spells you cast may paralyse adjacent
                  | enemies. [demonic ancestry]
   100 | D:5      | Reached XP level 3. HP: 11/29 MP: 3/3
   321 | D:4      | Noticed a scorpion
   351 | D:5      | Frozen to death by an endoplasm

Illustrated notes

Levels and vault maps discovered:
D:4:      layout_cave_pools, fedhas_altar_1
D:5:      layout_loops_ring, serial_shops, nicolae_shop_statue_plus, shop,
          shop_fountains, nicolae_inconvenience_store, kennysheep_small_spiral,
          amcnicky_mini_rare_corridor_liquid, uniq_eustachio,
          uniq_prince_ribbit1

Skill      XL: |  1 |
---------------+----+-----
Short Blades   | 2 |  2.8
Fighting       | |  3.0
Dodging        | |  1.7
Stealth        | |  4.8
Unarmed Combat | |  0.5

Action                   || total
-------------------------++-------
Melee: Short sword       ||    34
 Stab: Sleeping          ||     2
Armor: Leather armour    ||    13
Dodge: Dodged            ||    26

Table legend: (Time is in decaauts)
 A = Elapsed time spent in this place.
 B = Non-inter-level travel time spent in this place.
 C = Inter-level travel time spent in this place.
 D = Time resting spent in this place.
 E = Time spent auto-exploring this place.
 F = Levels seen in this place.
 G = Mean time per level.
                   A        B        C        D        E       F      G
               +--------+--------+--------+--------+--------+-----+--------+
         Total |    350 |    350 |      0 |    183 |      0 |   2 |  175.0 |
       Dungeon |    350 |    350 |      0 |    183 |      0 |   2 |  175.0 |
               +--------+--------+--------+--------+--------+-----+--------+

Top non-repeatable levels by time:
     D:5: 343 daAuts
     D:4: 6 daAuts
